 Dungeon Crawl Stone Soup version 0.26-a0-163-g6c8a0bf695 (webtiles) character file.

Game seed: 7468622801909012795

4734 BritishOli the Skirmisher (level 10, -5/81 HPs)
             Began as a Demonspawn Gladiator on July 3, 2020.
             Was an Elder of Okawaru.
             Slain by a killer bee (9 damage)
             ... on level 6 of the Dungeon.
             The game lasted 00:21:23 (9979 turns).

BritishOli the Skirmisher (Demonspawn Gladiator)    Turns: 9979, Time: 00:21:23

Health: -5/81      AC: 15    Str: 17    XL:     10   Next: 22%
Magic:  0/10       EV: 14    Int: 10    God:    Okawaru [****..]
Gold:   417        SH:  0    Dex: 17    Spells: 9/9 levels left

rFire    . . .     SeeInvis .   F - +6 executioner's axe of Mandamus {vorpal, Dex+2}
rCold    . . .     Faith    .   (shield currently unavailable)
rNeg     . . .     Spirit   +   p - +0 scale mail
rPois    .         Reflect  .   c - +0 helmet
rElec    .         Harm     .   (no cloak)
rCorr    .                      a - +0 pair of gloves
MR       .....                  (no boots)
Stlth    ..........             G - amulet of guardian spirit
HPRegen  0.23/turn              B - +4 ring of protection
MPRegen  0.12/turn              (no ring)

@: lethally poisoned (-5 -> -8), very slightly contaminated
A: talons 1, rugged brown scales 1, powered by death 3, powered by pain 1
a: Heroism, Renounce Religion


You were on level 6 of the Dungeon.
You worshipped Okawaru.
Okawaru was greatly pleased with you.
You were not hungry.

You visited 2 branches of the dungeon, and saw 9 of its levels.

You collected 417 gold pieces.

Inventory:

Hand Weapons
 y - a +3 great sword
 E - the +8 trident of the Octopus King {venom, rElec rPois MR+}
   (You found it on level 7 of the Dungeon)

   It poisons the flesh of those it strikes.
   It insulates you from electricity.
   It protects you from poison.
   It affects your resistance to hostile enchantments.
 F - the +6 executioner's axe of Mandamus (weapon) {vorpal, Dex+2}
   (You found it on level 7 of the Dungeon)

   It inflicts extra damage upon your enemies.
   It affects your dexterity (+2).
Missiles
 d - 3 throwing nets (quivered)
Armour
 a - a +0 pair of gloves (worn)
 c - a +0 helmet (worn)
 p - a +0 scale mail (worn)
Jewellery
 B - a +4 ring of protection (left hand)
 G - an amulet of guardian spirit (around neck)
Wands
 t - a wand of polymorph (7)
 w - a wand of iceblast (7)
Scrolls
 b - 3 scrolls of fog
 e - 2 scrolls of fear {unknown}
 g - 2 scrolls of enchant weapon
 i - 2 scrolls of remove curse
 o - 2 scrolls of amnesia
 q - 2 scrolls of teleportation
 s - a scroll of random uselessness {unknown}
 v - 6 scrolls of identify
 x - a scroll of silence
 z - a scroll of enchant armour {unknown}
Potions
 h - a potion of heal wounds
 j - a potion of ambrosia
 k - a potion of invisibility
 m - 2 potions of haste
 n - a potion of lignification {unknown}
 r - a potion of curing
 u - a potion of resistance {unknown}
 A - a potion of magic {unknown}
 C - a potion of stabbing {unknown}
Miscellaneous
 D - a phantom mirror
Comestibles
 f - 17 rations


   Skills:
 + Level 7.5 Fighting
 - Level 7.4 Long Blades
 + Level 2.2 Axes
 - Level 2.3 Throwing
 + Level 6.5 Armour
 + Level 7.2 Dodging


You had 9 spell levels left.
You didn't know any spells.
Your spell library contained the following spells:

 Spells                   Type           Power        Failure   Level  Hunger
 Animate Skeleton         Necr           N/A          75%         1    ##.....
 Apportation              Tloc           #.....       75%         1    ##.....
 Corona                   Hex            #......      75%         1    ##.....
 Summon Small Mammal      Summ           #...         75%         1    ##.....
 Call Imp                 Summ           #.......     86%         2    ###....
 Call Canine Familiar     Summ           #.......     98%         3    ####...
 Summon Guardian Golem    Hex/Summ       #.......     98%         3    ####...
 Summon Ice Beast         Ice/Summ       #.......     100%        4    #####..
 Summon Lightning Spire   Summ/Air       #.......     100%        4    #####..
 Haunt                    Necr/Summ      #.........   100%        7    #######
 Borgnjor's Revivificati  Necr           #.........   100%        8    #######
 Death's Door             Chrm/Necr      #.........   100%        8    #######
 Infestation              Necr           #.........   100%        8    #######
 Necromutation            Tmut/Necr      #.........   100%        8    #######


Dungeon Overview and Level Annotations

Branches:
Dungeon (8/15)             Temple (1/1) D:6
   Lair: D:8-11

Altars:
Ashenzari
Cheibriados
Dithmenos
Elyvilon
Fedhas
Gozag
Hepliaklqana
Kikubaaqudgha
Makhleb
Nemelex Xobeh
Okawaru
Qazlal
Ru
Sif Muna
Trog
Uskayaw
Vehumet
Wu Jian
Xom
Yredelemnul
Zin
The Shining One

Shops:
D:5 *%:

Annotations:
D:4 1 runed translucent door, raph's ghost, amateur TrTm


Innate Abilities, Weirdness & Mutations

You have sharp toenails.
You are partially covered in rugged brown scales. (AC +1, +3% HP)
You regenerate a lot of health from kills.
You sometimes gain a little power by taking damage.


Message History

The killer bee stings you.
* * * LOW HITPOINT WARNING * * *
The killer bee completely misses you. The killer bee closely misses you.
The killer bee completely misses you.
The killer bee stings you but does no damage. x2
The killer bee completely misses you. The killer bee misses you.
You climb upwards.
There is a stone staircase leading down here.
You miss the killer bee. Your kick misses the killer bee.
You miss the killer bee. The killer bee stings you.
* * * LOW HITPOINT WARNING * * *
You are poisoned.
The killer bee poisons you! The killer bee closely misses you. x2
The killer bee barely misses you. x2
The killer bee stings you but does no damage. x3
The killer bee stings you!
* * * LOW HITPOINT WARNING * * *
The killer bee stings you but does no damage.
The killer bee misses you. The killer bee stings you!
You die...

..###.#####.#####)###.##..#...##
........#.....#...........#....##
......#.#.....#..............#..#
#######.........####.......#.##..
#.#.....#..................
#.#.....#....##.........#..
#.###.###...###........###.
#..........y###.....##....[
##....#...@........###.....
#......#y...##.....##.....
########...........##.(...
#####...............
##.##................
######...#.##......####...
#..#........#.##....# ##..
#......#..#.........####.#
##.....#.......##.####....


You could see 2 killer bees.

Vanquished Creatures
  A manticore (D:7)
  A troll (D:6)
  3 hippogriffs (D:7)
  A hungry ghost (D:7)
  Grum (D:7)
  Menkaure (D:6)
  Duvessa (D:5)
  A black bear (D:6)
  An orc warrior (D:6)
  2 sky beasts (D:7)
  3 centaurs (D:7)
  3 ogres (D:7)
  2 phantoms
  A wolf (D:7)
  6 bullfrogs
  Dowan (D:5)
  3 scorpions
  5 wights
  8 killer bees
  2 centaur zombies
  Crazy Yiuf (D:5)
  5 hounds
  2 quasits
  An orc priest (D:5)
  A bullfrog skeleton (D:6)
  A centaur skeleton (D:5)
  A jelly (D:7)
  Ijyb (D:5)
  3 iguanas
  An orc wizard (D:5)
  4 worker ants
  A hound zombie (D:7)
  A hound skeleton (D:4)
  2 worker ant zombies
  4 gnolls
  5 adders
  3 white imps
  An ufetubus (D:7)
  An ooze (D:7)
  2 adder skeletons (D:7)
  A worm (D:2)
  2 dart slugs (D:1)
  7 leopard geckos
  10 orcs
  5 giant cockroaches
  3 hobgoblins
  11 jackals
  3 quokkas
  5 bats
  5 frilled lizards
  A giant cockroach zombie (D:6)
  3 goblins
  7 kobolds
  A leopard gecko skeleton (D:7)
  2 quokka skeletons (D:6)
  9 rats
163 creatures vanquished.

Notes
Turn   | Place    | Note
-------+----------+-------------------------------------------
     0 | D:1      | BritishOli the Demonspawn Gladiator began the quest for the
                  | Orb.
     0 | D:1      | Reached XP level 1. HP: 16/16 MP: 1/1
   380 | D:1      | Gained mutation: You regenerate a little health from kills.
                  | [demonic ancestry]
   380 | D:1      | Reached XP level 2. HP: 22/22 MP: 2/2
   727 | D:1      | You fall into a shaft and drop 1 floor!
  1005 | D:2      | Gained mutation: You regenerate health from kills. [demonic
                  | ancestry]
  1005 | D:2      | Reached XP level 3. HP: 27/27 MP: 3/3
  1321 | D:2      | Reached skill level 1 in Armour
  1859 | D:3      | Found a faded altar of an unknown god.
  2045 | D:3      | Gained mutation: You regenerate a lot of health from kills.
                  | [demonic ancestry]
  2045 | D:3      | Reached XP level 4. HP: 22/34 MP: 4/4
  3325 | D:4      | Found a runed translucent door.
  3326 | D:4      | Noticed raph's ghost (amateur TrTm)
  3343 | D:5      | Entered Level 5 of the Dungeon
  3351 | D:5      | Gained mutation: You are partially covered in rugged brown
                  | scales. (AC +1, +3% HP) [demonic ancestry]
  3351 | D:5      | Reached XP level 5. HP: 32/42 MP: 5/5
  3396 | D:5      | Found Mitzaede's Book Boutique.
  3402 | D:5      | Found Yjudew's Food Boutique.
  3423 | D:5      | Noticed Duvessa
  3434 | D:5      | Noticed Dowan
  4058 | D:5      | Found Ethicvio's Assorted Antiques.
  4088 | D:5      | Reached XP level 6. HP: 28/48 MP: 6/6
  4380 | D:5      | Found a runed translucent door.
  4381 | D:5      | Noticed Crazy Yiuf
  4466 | D:5      | Noticed Ijyb
  4488 | D:5      | Killed Ijyb
  4760 | D:6      | Found a staircase to the Ecumenical Temple.
  4895 | D:5      | Gained mutation: You have sharp toenails. [demonic
                  | ancestry]
  4895 | D:5      | Reached XP level 7. HP: 37/55 MP: 7/7
  5043 | Temple   | Entered the Ecumenical Temple
  5216 | Temple   | Became a worshipper of Warmaster Okawaru
  5344 | D:5      | Reached * piety under Okawaru
  5726 | D:5      | Killed Crazy Yiuf
  5924 | D:6      | Noticed Menkaure
  6112 | D:5      | Killed Duvessa
  6270 | D:5      | Killed Dowan
  6270 | D:5      | Reached skill level 5 in Long Blades
  6270 | D:5      | Reached skill level 5 in Dodging
  6270 | D:5      | Reached XP level 8. HP: 59/62 MP: 8/8
  6304 | D:6      | Killed Menkaure
  6304 | D:6      | Reached skill level 5 in Fighting
  6428 | D:6      | Found an opulent altar of Gozag.
  6761 | D:6      | Reached ** piety under Okawaru
  6829 | D:6      | Found a bloodstained altar of Trog.
  6991 | D:7      | Noticed a troll
  7264 | D:6      | Killed a troll
  7264 | D:6      | Reached skill level 5 in Armour
  7712 | D:6      | HP: 1/65 [orc warrior/+0 flail (12)]
  7716 | D:6      | Reached XP level 9. HP: 40/71 MP: 9/9
  8536 | D:7      | Noticed a manticore
  8705 | D:7      | Reached *** piety under Okawaru
  9485 | D:7      | Found the +8 trident of the Octopus King {venom, rElec
                  | rPois MR+}
  9499 | D:7      | Got a jewelled executioner's axe
  9512 | D:7      | Identified the +6 executioner's axe of Mandamus {vorpal,
                  | Dex+2} (You found it on level 7 of the Dungeon)
  9750 | D:7      | Killed a manticore
  9750 | D:7      | Received a gift from Okawaru
  9750 | D:7      | Reached skill level 1 in Axes
  9750 | D:7      | Gained mutation: You sometimes gain a little power by
                  | taking damage. [demonic ancestry]
  9750 | D:7      | Reached XP level 10. HP: 52/81 MP: 7/10
  9917 | D:8      | Noticed Grum
  9931 | D:7      | Killed Grum
  9954 | D:7      | Reached **** piety under Okawaru
  9979 | D:6      | HP: 4/81 [killer bee (7)]
  9979 | D:6      | Slain by a killer bee

Illustrated notes

Levels and vault maps discovered:
D:1:      minmay_arrival_up_and_down, layout_basic, serial_forest,
          infiniplex_forest_lined_corner, infiniplex_forest_end_double,
          infiniplex_forest_corner_1, infiniplex_forest_end_2,
          infiniplex_forest_end_2, infiniplex_forest_zigzag_1,
          infiniplex_forest_straight_2, minmay_bisected
D:2:      layout_loops_ring, first_ration
D:3:      layout_basic, chequers_ecumenical_altar_island,
          kennysheep_generic_room_8
D:4:      layout_basic, gammafunk_ghost_grave
D:5:      layout_loops_ring, serial_shops, nicolae_shop_window_shopping, shop,
          shop, uniq_ijyb, uniq_crazy_yiuf_cottage, uniq_duvessa
D:6:      layout_cave_pools, overflow_temple_1_default, kennysheep_mini_moat,
          minmay_temple_entry_trees, minmay_chambers_of_fives, uniq_menkaure
D:7:      cheibrodos_barr_body, layout_rooms, minmay_the_grid_2x2
          [minmay_the_grid_outer_diamond, minmay_the_grid_odd_star,
          minmay_the_grid_holed_spiral,
          minmay_the_grid_prize_four_corners_diamond_b]
D:8:      layout_rooms, david_nohive_1, uniq_grum
Temple:   regret_index_temple_chain_breaker

Skill      XL: |  1  2  3  4  5  6  7  8  9 10 |
---------------+-------------------------------+-----
Throwing       | 2 |  2.3
Dodging        | 3 4 5 6 7 |  7.2
Armour         | 1 2 3 5 6 |  6.5
Long Blades    | 3 4 5 6 7 |  7.4
Fighting       | 3 4 6 7 |  7.5
Axes           | 1 2 |  2.2

Action                   |  1- 3 |  4- 6 |  7- 9 | 10-12 || total
-------------------------+-------+-------+-------+-------++-------
Melee: Long sword        |   140 |   154 |   210 |       ||   504
       Kick              |       |       |   123 |     3 ||   126
       Great sword       |       |       |   104 |       ||   104
       Executioner's axe |       |       |    11 |    27 ||    38
Throw: Throwing net      |       |       |     2 |       ||     2
Invok: Heroism           |       |       |     1 |       ||     1
  Use: Scroll            |       |     6 |    11 |     2 ||    19
       Potion            |       |       |     2 |     3 ||     5
 Stab: Sleeping          |     2 |       |       |       ||     2
       Distracted        |     1 |       |       |       ||     1
       Held in net/web   |       |       |     1 |       ||     1
  Eat: Chunk             |     4 |     8 |    11 |     3 ||    26
       Ration            |       |       |     2 |       ||     2
Armor: Leather armour    |    53 |       |       |       ||    53
       Scale mail        |       |    78 |   215 |   112 ||   405
Dodge: Dodged            |   127 |    90 |   302 |   178 ||   697
       Rpst.: Long sword |    45 |    22 |    49 |       ||   116
       Great sword       |       |       |    22 |       ||    22

Table legend:
 A = Non-vault XP
 B = Vault XP
 C = Vault XP percentage of total XP
 D = Non-vault monster count
 E = Vault monster count
 F = Vault count percentage of total count
                 A         B        C        D         E       F
            +---------+---------+-------+---------+---------+-------
      Total |    3115 |    3648 |  53.9 |     121 |      42 |  25.8
            +---------+---------+-------+---------+---------+-------
        D:1 |      25 |       2 |   7.4 |      16 |       1 |   5.9
        D:2 |      38 |       0 |   0.0 |      15 |       0 |   0.0
        D:3 |      42 |       1 |   2.3 |      15 |       1 |   6.2
        D:4 |     105 |       0 |   0.0 |       7 |       0 |   0.0
        D:5 |     703 |     302 |  30.0 |      20 |       4 |  16.7
        D:6 |     839 |     556 |  39.9 |      22 |       7 |  24.1
        D:7 |    1363 |    2787 |  67.2 |      26 |      29 |  52.7
            +---------+---------+-------+---------+---------+-------
